 Dungeon Crawl Stone Soup version 0.30.0-5-g1a98f26d00 (webtiles) character file.

Game seed: 13756229956985233689

826 Sanktem7 the Chopper (level 7, -6/62 HPs)
             Began as a Minotaur Fighter on May 10, 2023.
             Mangled by a yak (13 damage)
             ... on level 4 of the Dungeon.
             The game lasted 00:06:32 (3267 turns).

Sanktem7 the Chopper (Minotaur Fighter)             Turns: 3267, Time: 00:06:33

Health: -6/62      AC: 14    Str: 23    XL:     7   Next: 64%
Magic:  6/6        EV:  7    Int:  5    God:
Gold:   26         SH: 17    Dex: 15    Spells: 6/6 levels left

rFire   . . .        b - +2 broad axe (heavy) {axe}
rCold   . . .        j - +2 kite shield
rNeg    . . .        l - +0 chain mail
rPois   .            (helmet restricted)
rElec   .            (no cloak)
rCorr   .            (no gloves)
SInv    .            (no boots)
Will    .....        y - amulet of reflection Stlth
                     c - +4 ring of protection
HPRegen 0.30/turn    A - +6 ring of dexterity
MPRegen 0.10/turn

%: reflection
@: no status effects
A: horns 2, retaliatory headbutt
a: no special abilities


You were on level 4 of the Dungeon.
You visited 2 branches of the dungeon, and saw 6 of its levels.

You collected 180 gold pieces.
You spent 154 gold pieces at shops.


Innate Abilities, Weirdness & Mutations

You have a pair of horns on your head.
You reflexively headbutt those who attack you in melee.


   Skills:
 + Level 5.8 Fighting
 * Level 6.9 Axes
 + Level 5.9 Armour
 + Level 5.9 Shields


You had 6 spell levels left.
You didn't know any spells.
Your spell library contained the following spells:

 Spells                   Type           Power      Damage    Failure   Level
 Beastly Appendage        Tmut           0%         N/A       99%         1
 Sandblast                Erth           0%         2d4       99%         1
 Cigotuvi's Dreadful Rot  Necr/Pois/Air  0%         N/A       100%        2
 Passwall                 Tmut/Erth      0%         N/A       100%        2
 Wereblood                Tmut           0%         N/A       100%        2
 Gell's Gravitas          Tloc           0%         N/A       100%        3
 Ignite Poison            Fire/Tmut/Pois 0%         N/A       100%        3
 Spider Form              Tmut/Pois      0%         N/A       100%        3
 Stone Arrow              Conj/Erth      0%         3d7       100%        3
 Teleport Other           Tloc           0%         N/A       100%        3
 Vhi's Electric Charge    Tloc/Air       0%         N/A       100%        3
 Arcjolt                  Conj/Air       0%         1d10      100%        5
 Freezing Cloud           Conj/Ice/Air   0%         6-21      100%        5
 Dispersal                Tloc           0%         N/A       100%        6
 Maxwell's Capacitive Co  Air            0%         โˆž       100%        8

Inventory:

Hand Weapons
 b - a +2 heavy broad axe (weapon) {axe}
   (You bought it in a shop on level 4 of the Dungeon)
 D - a +1 demon whip of electrocution {mace}
   (You found it on level 4 of the Dungeon)
Missiles
 e - 14 poisoned darts (quivered) {throwing}
 r - 47 stones {throwing}
 x - a boomerang of dispersal {=f!fthrowing}
Armour
 j - a +2 kite shield (worn)
   (You found it on level 1 of the Dungeon)
 l - a +0 chain mail (worn)
   (You found it on level 1 of the Dungeon)
Jewellery
 c - a +4 ring of protection (left hand)
   (You found it on level 1 of the Dungeon)
 y - an amulet of reflection (around neck)
   (You found it on level 3 of the Dungeon)
 A - a +6 ring of dexterity (right hand)
   (You found it on level 4 of the Dungeon)
Wands
 B - a wand of flame (7)
   (You took it off Ijyb on level 4 of the Dungeon)
Scrolls
 g - a scroll of teleportation {unknown}
 i - a scroll of silence {unknown}
 k - a scroll of vulnerability {unknown}
 n - a scroll of immolation {unknown}
 o - a scroll of butterflies {unknown}
 p - a scroll of torment {unknown}
 u - 2 scrolls of blinking {unknown}
 v - 6 scrolls of identify {unknown}
 z - a scroll of enchant armour {unknown}
 C - a scroll of enchant weapon {unknown}
Potions
 d - a potion of might
 f - 2 potions of flight {unknown}
 h - 2 potions of mutation {unknown}
 m - 2 potions of degeneration {unknown}
 q - a potion of attraction {unknown}
 t - a potion of haste {unknown}
 w - 2 potions of curing {unknown}

Dungeon Overview and Level Annotations

Branches:
Dungeon (5/15) Zot: 26660  Temple (1/1) D:4 Zot: 5984

Altars:
Cheibriados
Dithmenos
Elyvilon
Fedhas
Gozag
Hepliaklqana
Nemelex Xobeh
Qazlal
Sif Muna
Trog
Uskayaw
Xom

Shops:
D:4

( #
##............###..####........
#..........รท...##..##..........
##...............##.............
#................##.............
##................##....b...b....
#..........<.....###.)...........
###..............# #.)...........
###..........YY###.#...........
####.......>@.##.##..........
####..###...#.###......... ####
#### ##.....####....... ...###
##.....#..###...... .....###
#..#.....#..###.... .......##
##.#.......##..##### ........#
##.#........###...### .......##
##.##........# ###...# .......#
##.##.........# ##...


You could see 2 yaks.


Message History

You see here a hobgoblin corpse.
You now have 180 gold pieces (gained 5).
You see here a hobgoblin corpse.
You see here a hobgoblin corpse.
You see here a hobgoblin corpse.
You see here a +0 leather armour of positive energy.
D - a +1 demon whip of electrocution {mace}
r - 47 stones {throwing} (gained 6) Done exploring.
You drop a +1 dagger of speed {short}.
You drop a +0 dagger of venom {short}.
You see here a +0 club {mace}.
There is an entrance to Cuxtuh's Antique Weapon Shop here.
b - a +2 heavy broad axe {axe} Thank you for shopping at Cuxtuh's Antique Weapon Shop!
b - a +2 heavy broad axe (weapon)
{axe} You drop a +0 war axe {axe}.
There is a stone staircase leading down here.
You climb downwards.
The yak bellows!
The centaur shouts!
You hear a shout! x2
There is a stone staircase leading up here.
The centaur wields a +0 shortbow.
The centaur shoots an arrow.
The arrow barely misses you.
Something hits the plant!!
The plant begins to die.
A yak comes into view.
The yak bellows!
The centaur unwields a +0 shortbow.
You block the centaur's attack. The centaur barely misses you.
You slice the centaur!!
The centaur hits you but does no damage.
You block the centaur's attack. The centaur closely misses you.
The centaur barely misses you.
Something hits the plant!
You block the centaur's attack. x2
You hit the centaur.
You kill the centaur!
You hit the yak but do no damage.
A nearby plant withers and dies.
The yak gores you! You block the yak's attack.
Your Axes skill increases to level 6!
You have reached level 7! ๐Ÿ˜• HP[-8] MP[+1]
You now have 61 max hp (+5).
You take 8 damage, and now have 48/61 hp.
Your mp is fully restored (6).
The yak gores you. x2 ๐Ÿ˜ฎ HP[-9]
You take 9 damage, and now have 39/61 hp.
You hit the yak. You barely miss the yak. You slash the yak!
You block the yak's attack. x2; The yak gores you.
The yak gores you but does no damage. The yak barely misses you.
You furiously retaliate!
You headbutt the yak! The yak gores you but does no damage.
An ogre comes into view.
It is wielding a +0 giant club. ๐Ÿ˜ฎ HP[-2]
You take 2 damage, and now have 37/61 hp.
You slash the yak! You headbutt the yak! You slice the yak!!
You barely miss the yak. You block the yak's attack.
The yak closely misses you. The yak gores you! You block the yak's attack.
The yak closely misses you. The yak gores you but does no damage.
You block the yak's attack. ๐Ÿ˜ฎ HP[-6]
You take 6 damage, and now have 31/61 hp.
You slice the yak!!
You kill the yak!
You hit the yak. You slash the yak! You slice the yak!!
You block the yak's attack. x3; The yak gores you!
* * * LOW HITPOINT WARNING * * *
The yak gores you.
* * * LOW HITPOINT WARNING * * *
The yak gores you.
* * * LOW HITPOINT WARNING * * *
๐Ÿ˜จ HP[-15]
You take 15 damage, and now have 16/61 hp.
MASSIVE DAMAGE!! (PAUSE)
The yak attacks as you move away! The yak gores you.
* * * LOW HITPOINT WARNING * * *
The yak gores you but does no damage. You block the yak's attack.
There is a stone staircase leading up, spattered with blood here.
You see here a yak corpse. ๐Ÿ˜ฑ HP[-1]
You take 1 damage, and now have 15/61 hp.
You block the yak's attack. The yak gores you.
* * * LOW HITPOINT WARNING * * *
The yak gores you but does no damage.
You climb upwards.
There is a stone staircase leading down here. ๐Ÿ˜ฑ HP[-1]
You take 1 damage, and now have 14/61 hp.
You slice the yak!!
You kill the yak!
You hit the yak. You barely miss the yak. The yak gores you!
* * * LOW HITPOINT WARNING * * *
The yak gores you but does no damage.
You block the yak's attack. x2 ๐Ÿ˜ฑ HP[-8]
You now have 62 max hp (+1).
You take 8 damage, and now have 6/62 hp.
The yak closely misses you.
The yak gores you but does no damage. ๐Ÿ˜ฑ HP[+1]
You barely miss the yak. You headbutt the yak! You hit the yak.
The yak gores you!
You die...

Skill      XL: |  1  2  3  4  5  6 |
---------------+-------------------+-----
Axes           | 3 4 5 6 |  6.9
Shields        | 4 5 |  5.9
Armour         | 4 5 |  5.9
Fighting       | 4 5 |  5.8

Action                     |  1- 3 |  4- 6 |  7- 9 || total
---------------------------+-------+-------+-------++-------
  Melee: War axe           |    81 |   108 |       ||   189
         Headbutt          |    14 |    11 |     2 ||    27
         Broad axe         |       |     2 |     5 ||     7
 Armour: Scale mail        |     4 |       |       ||     4
         Chain mail        |    34 |    47 |     7 ||    88
  Dodge: Dodged            |    22 |    27 |     4 ||    53
  Block: Buckler           |     5 |       |       ||     5
         Kite shield       |    40 |    83 |    12 ||   135
         Reflection        |       |     2 |       ||     2

Levels and vault maps discovered:
D:1:      wheals_arrival_shading, layout_loops_ring,
          hangedman_abyss_or_decor_stabs
D:2:      layout_basic, basic_altar
D:3:      layout_loops_cross, nicolae_qazlal_scattered_showers,
          ebering_ghost_sewer_d
D:4:      layout_cave_pods, minmay_temple_entry_butterflies, serial_shops, shop,
          uniq_ijyb
D:5:      layout_cave_pools, grunt_temple_overflow_lords_of_destruction,
          amethyst_overflow_temple_binary, serial_bayou_lake_a, uniq_duvessa,
          uniq_sigmund, uniq_crazy_yiuf_cottage, uniq_edmund
Temple:   minmay_freezing_vapour_temple

Notes
Turn   | Place    | Note
-------+----------+-------------------------------------------
     0 | D:1      | Sanktem7 the Minotaur Fighter began the quest for the Orb.
     0 | D:1      | Reached XP level 1. HP: 19/19 MP: 0/0
     0 | D:1      | magus.rc [v1.9.6]
   127 | D:1      | Reached XP level 2. HP: 27/27 MP: 1/1
   287 | D:1      | Reached skill level 3 in Axes
   479 | D:1      | Reached skill level 4 in Shields
   479 | D:1      | Reached XP level 3. HP: 33/33 MP: 2/2
   648 | D:1      | Reached skill level 4 in Armour
   741 | D:2      | Found a snail-covered altar of Cheibriados.
   760 | D:2      | You add the spells Cigotuvi's Dreadful Rot, Ignite Poison
                  | and Freezing Cloud to your library.
   781 | D:2      | Reached skill level 4 in Fighting
   807 | D:2      | You add the spells Vhi's Electric Charge, Arcjolt and
                  | Maxwell's Capacitive Coupling to your library.
   844 | D:2      | You add the spells Gell's Gravitas, Teleport Other and
                  | Dispersal to your library.
  1115 | D:2      | You pick up a book of Geomancy and begin reading...
  1115 | D:2      | You add the spells Sandblast, Passwall and Stone Arrow to
                  | your library.
  1209 | D:2      | Reached XP level 4. HP: 40/40 MP: 3/3
  1458 | D:3      | You pick up a book of Changes and begin reading...
  1458 | D:3      | You add the spells Beastly Appendage, Wereblood and Spider
                  | Form to your library.
  1620 | D:3      | Found a runed translucent door.
  1630 | D:3      | Noticed a bullfrog
  1630 | D:3      | Noticed HobsGoblin's ghost (weakling DsWn)
  1763 | D:3      | HP: 10/40 [poisoned by a kobold]
  1963 | D:3      | Found a stormy altar of Qazlal.
  2095 | D:3      | Reached skill level 4 in Axes
  2142 | D:3      | Killed a bullfrog
  2143 | D:3      | Reached XP level 5. HP: 47/47 MP: 4/4
  2148 | D:3      | Killed HobsGoblin's ghost
  2192 | D:4      | Reached skill level 5 in Axes
  2345 | D:4      | Reached XP level 6. HP: 55/55 MP: 5/5
  2386 | D:4      | Found Cuxtuh's Antique Weapon Shop.
  2488 | D:4      | Identified the +3 ring mail of Wariness {-Tele rF+ rC+++
                  | Dex+3}
  2557 | D:4      | Found a staircase to the Ecumenical Temple.
  2571 | Temple   | Entered the Ecumenical Temple
  2605 | D:4      | Reached skill level 5 in Fighting
  2605 | D:4      | Reached skill level 5 in Armour
  2605 | D:4      | Reached skill level 5 in Shields
  2666 | D:4      | Noticed Ijyb
  2688 | D:4      | Killed Ijyb
  3228 | D:4      | Bought a runed broad axe for 154 gold pieces
  3253 | D:5      | Entered Level 5 of the Dungeon
  3253 | D:5      | Noticed a yak
  3253 | D:5      | Noticed a yak
  3253 | D:5      | Noticed a yak
  3254 | D:5      | Noticed a yak
  3258 | D:5      | Reached skill level 6 in Axes
  3258 | D:5      | Reached XP level 7. HP: 48/61 MP: 6/6
  3261 | D:5      | Killed a yak
  3262 | D:5      | HP: 15/61 [yak (1)]
  3265 | D:4      | Killed a yak
  3265 | D:4      | HP: 6/61 [yak (8)]
  3267 | D:4      | Mangled by a yak

Vanquished Creatures
  2 yaks
  A centaur (D:5)
  A bullfrog (D:3)
  3 scorpions (D:4)
  A hound (D:4)
  Ijyb (D:4)
  An iguana (D:4)
  The ghost of HobsGoblin the Shooter, a weakling DsWn (D:3)
  5 adders
  2 worms (D:2)
  A dart slug (D:2)
  3 orcs
  9 bats
  6 endoplasms
  4 giant cockroaches (D:1)
  8 goblins
  10 hobgoblins
  2 jackals (D:2)
  5 quokkas
  9 ball pythons
  2 frilled lizards
  4 kobolds
81 creatures vanquished.

Table legend:
 A = Non-vault XP
 B = Vault XP
 C = Vault XP percentage of total XP
 D = Non-vault monster count
 E = Vault monster count
 F = Vault count percentage of total count
                 A         B        C        D         E       F
            +---------+---------+-------+---------+---------+-------
      Total |    1022 |     159 |  13.5 |      77 |       4 |   4.9
            +---------+---------+-------+---------+---------+-------
        D:1 |      43 |       0 |   0.0 |      24 |       0 |   0.0
        D:2 |      64 |       0 |   0.0 |      18 |       0 |   0.0
        D:3 |      20 |     123 |  86.0 |      10 |       3 |  23.1
        D:4 |     586 |      36 |   5.8 |      23 |       1 |   4.2
        D:5 |     309 |       0 |   0.0 |       2 |       0 |   0.0
            +---------+---------+-------+---------+---------+-------

Skill      XL: |  1  2  3  4  5  6 |
---------------+-------------------+-----
Axes           | 3 4 5 6 |  6.9
Shields        | 4 5 |  5.9
Armour         | 4 5 |  5.9
Fighting       | 4 5 |  5.8

Action                     |  1- 3 |  4- 6 |  7- 9 || total
---------------------------+-------+-------+-------++-------
  Melee: War axe           |    81 |   108 |       ||   189
         Headbutt          |    14 |    11 |     2 ||    27
         Broad axe         |       |     2 |     5 ||     7
 Armour: Scale mail        |     4 |       |       ||     4
         Chain mail        |    34 |    47 |     7 ||    88
  Dodge: Dodged            |    22 |    27 |     4 ||    53
  Block: Buckler           |     5 |       |       ||     5
         Kite shield       |    40 |    83 |    12 ||   135
         Reflection        |       |     2 |       ||     2

Illustrated notes

Table legend:
 A = Kills in this place as a percentage of kills in the entire game.
 B = Kills by you in this place as a percentage of kills by you in the entire game.
 C = Kills by friends in this place as a percentage of kills by friends in the entire game.
 D = Other kills in this place as a percentage of other kills in the entire game.
 E = Experience gained in this place as a percentage of experience gained in the entire game.
 F = Experience gained in this place divided by the number of levels of this place that you have seen.
                   A       B       C       D       E      F
               +-------+-------+-------+-------+-------+----------------------
         Total | 100.0 | 100.0 |   N/A |   N/A | 100.0 | 196.8
       Dungeon | 100.0 | 100.0 |   N/A |   N/A | 100.0 | 236.2
               +-------+-------+-------+-------+-------+----------------------

Table legend: (Time is in decaauts)
 A = Elapsed time spent in this place.
 B = Non-inter-level travel time spent in this place.
 C = Inter-level travel time spent in this place.
 D = Time resting spent in this place.
 E = Time spent auto-exploring this place.
 F = Levels seen in this place.
 G = Mean time per level.
                   A        B        C        D        E       F      G
               +--------+--------+--------+--------+--------+-----+--------+
         Total |   3353 |   3180 |    173 |    118 |   2417 |   6 |  558.8 |
       Dungeon |   3337 |   3164 |    173 |    118 |   2407 |   5 |  667.4 |
        Temple |     15 |     15 |      0 |      0 |     10 |   1 |   15.0 |
               +--------+--------+--------+--------+--------+-----+--------+

Top non-repeatable levels by time:
     D:4: 1092 daAuts
     D:3: 816 daAuts
     D:1: 737 daAuts
     D:2: 675 daAuts
     D:5: 15 daAuts
  Temple: 15 daAuts
